AoeStats
← BirdmanTim

Black Forest

509733329Analyzed
2v2 RM · 5d ago on Sep 27, 2026· 46m 56s· 4 players
Game mode
Random Map
Map size
Medium (4 player)
Population
200
Speed
Normal
Resources
Standard
Victory
Conquest
Starting age
Dark Age
Ending age
Imperial Age
RankedLock teamsTeams togetherTeam positionsShared explorationLock speedFull tech treeHidden civsTurbo modeCheats
Victory
Defeat
🇮🇹 Khmer · Italy
708
+10
🇩🇪 Teutons · Germany
648
+12
🇺🇸 Portuguese · United States
577
-11
🇺🇸 Romans · United States
576
-11
King Kong
0:37 Loom
12:28 Feudal Age
13:51 Town Watch
18:04 Fletching
18:14 Stone Mining
19:08 Forging
23:04 Double-Bit Axe
25:40 Castle Age
31:25 Scale Mail Armor
31:41 Horse Collar
34:20 Forging
34:25 Chain Mail Armor
42:44 Gold Mining
48:07 Stone Shaft Mining
filippo.samer
13:18 Feudal Age
13:48 Horse Collar
13:57 Double-Bit Axe
20:20 Wheelbarrow
19:52 Fletching
25:54 Castle Age
28:56 Stone Mining
28:57 Gold Mining
32:20 Stone Shaft Mining
32:50 Heavy Plow
35:06 Bow Saw
37:10 Hand Cart
39:42 Gold Shaft Mining
42:35 Imperial Age
40:37 Scale Barding Armor
42:49 Padded Archer Armor
42:45 Bodkin Arrow
44:32 Forging
44:22 Scale Mail Armor
44:35 Masonry
44:17 Guard Tower
46:10 Chemistry
45:33 Husbandry
C_Rich_Icebourg
17:14 Feudal Age
17:15 Man-at-Arms
17:48 Loom
18:43 Wheelbarrow
20:29 Double-Bit Axe
20:29 Horse Collar
21:16 Gold Mining
27:22 Castle Age
28:26 Hand Cart
31:21 Heavy Plow
31:35 Bow Saw
31:21 Stone Mining
31:59 Gambesons
31:36 Long Swordsman
32:42 Pikeman
37:05 Thumb Ring
36:21 Crossbowman
43:47 Padded Archer Armor
43:41 Fletching
45:54 Heated Shot
BirdmanTim
13:03 Feudal Age
11:20 Loom
14:02 Horse Collar
13:55 Man-at-Arms
14:38 Scale Mail Armor
21:16 Double-Bit Axe
28:43 Castle Age
28:59 Long Swordsman
29:42 Squires
32:31 Bow Saw
32:17 Pikeman
36:19 Crossbowman
38:45 Fletching
38:55 Padded Archer Armor
40:35 Ballistics
Connection lost

Rejoining the realm…

Still unreachable

The connection could not be restored.

Session expired

The server has moved on; the page needs a fresh start.